 BcadrenCrawl: Boulder Brew version 0.04.21-209-g19e16bb646 (webtiles) character file.

Game seed: 76973388689927406, levelgen mode: deterministic

2231 st0uf the Grappler (level 9, -7/75 HPs) Lime Draconian Gladiator. Began on May 25, 2021. Mangled by a wolf spider zombie (9 damage) ... on level 4 of the Dungeon. The game lasted 00:16:38 (2786 turns).

st0uf the Grappler (Lime Draconian Gladiator)       Turns: 2786, Time: 00:16:43

Health: -7/75      AC:  8    Str: 19    XL:     9 ^: 2340
Magic:  16/16      EV: 14    Int:  8    God:
Gold:   155        SH:  0    Dex: 14    Spells: 18/18 levels left

rFire    . . .     Vision   .     - Unarmed
rCold    . . .     Gourm    .     - Unarmed
rNeg     . . .     Faith    .   (no armour)
rPois    +         Spirit   .   b - +0 hat
rElec    .         Reflect  .   (no cloak)
rCorr    +         Harm     .   a - +1 pair of clawed gauntlets
MR       .....                  (no boots)
Stlth    ++........             (no amulet)
HPRegen  0.35/turn              (no ring)
MPRegen  0.26/turn              (no ring)

@: flying, studying Short Blades
A: big wings, claws 1, poison resistance, cold-blooded, transmutation enhancer
1, rCorr, AC +8
a: Breathe Acid, Stop Flying


You were on level 4 of the Dungeon.
You were not hungry.

You visited 1 branch of the dungeon, and saw 4 of its levels.

You collected 155 gold pieces.

Inventory:

Armour
 a - a +1 pair of clawed gauntlets (worn)
 b - a +0 hat (worn)
Jewellery
 i - a cursed ring of wizardry {(Curse: MR-)}
Wands
 c - a wand of ensnaring (9)
 l - a wand of scattershot (6)
 q - a wand of hasting (3)
Scrolls
 e - a scroll of fear
 g - a scroll of blinking
 h - 3 scrolls of teleportation
 m - a scroll of acquirement
 t - a scroll of fog
Potions
 f - a potion of invisibility
 j - a potion of might
 k - a potion of curing
 n - 2 potions of mutation
 o - 2 potions of ambrosia
 p - 2 potions of lignification
 r - a potion of heal wounds
Comestibles
 d - 8 rations
 s - a chunk of flesh


   Skills:
 * Level 5.6 Fighting
 + Level 3.7 Dodging
 + Level 1.5 Stealth
 + Level 8.0 Unarmed Combat
 * Level 5.2 Spellcasting
 * Level 5.2 Evocations


You had 18 spell levels left.
You didn't know any spells.
Your spell library was empty.

Dungeon Overview and Level Annotations

Branches:
Dungeon (4/8)
 Temple: D:4

Altars:
Fedhas Madash
Makhleb


Innate Abilities, Weirdness & Mutations

Your slimy lime-green scales are resilient. (AC +8)
You can breathe balls of acidic spit.
You are cold-blooded and are slowed more easily by cold attacks.
You are in touch with the powers of transmutation.
Your slimy lime-green scales grant you resistance to acid and corrosion. (rCorr)
Your large and strong wings let you fly indefinitely.
You have sharp fingernails. (+3 Unarmed)
Your system is resistant to poisons. (rPois)


Message History

You tail-slap the wolf spider zombie, but do no damage.
The wolf spider zombie is heavily damaged. (50/87) HP The wolf spider zombie hits you (5).
The wolf spider zombie bites you but does no damage.
You claw the wolf spider zombie (8)!
You scratch the wolf spider zombie but do no damage.
The wolf spider zombie is heavily damaged. (42/87) HP The crimson imp blinks!
You claw the wolf spider zombie (12)! You claw the wolf spider zombie (8)!
The wolf spider zombie is severely damaged. (22/87) HP The wolf spider zombie hits you (11)!
The wolf spider zombie bites you (6).
* * * LOW HITPOINT WARNING * * *
An orc comes into view.
You mangle the wolf spider zombie (19)!!
You scratch the wolf spider zombie but do no damage.
The wolf spider zombie is almost destroyed. (3/87) HP The wolf spider zombie hits you (15)!
* * * LOW HITPOINT WARNING * * *
The wolf spider zombie bites you (9)!
You die...

## #.#. # #.
. 5#### #.
.###.....
#.##..[.....
#.......ยง...
#..@Z......
#..))##...o
##)#.# #
#)#.# #)#.#
#)#.# ##)#.#
#..#.# .
#.##.# .


You could see a crimson imp, an orc and a wolf spider zombie.

Vanquished Creatures
  Erica (D:4)
  Menkaure (D:3)
  3 orc warriors (D:4)
  A crocodile (D:2)
  A big kobold (D:2)
  2 bullfrogs (D:4)
  A centaur (D:4)
  2 orc priests (D:4)
  A hound (D:3)
  4 jellies
  3 orc wizards (D:4)
  A mummy (D:1)
  A worker ant (D:3)
  A wyvern zombie (D:4)
  7 giant cockroaches
  A bullfrog zombie (D:4)
  4 adders
  4 bullfrog skeletons
  11 sewer rats (D:2)
  A white imp (D:4)
  3 worms
  7 cinder newts
  2 oozes
  2 dart slugs (D:1)
  6 leopard geckos
  7 orcs
  3 adder skeletons (D:2)
  5 ball pythons
  8 goblins (D:1)
  5 hobgoblins (D:1)
  14 kobolds
  3 quokkas
  5 bats
  A bat skeleton (D:2)
  A hobgoblin skeleton (D:2)
  A hobgoblin zombie (D:1)
  A kobold skeleton (D:2)
  A kobold zombie (D:1)
  An orc skeleton (D:2)
  2 orc zombies (D:1)
  5 rats
  3 withered plants (D:2)
137 creatures vanquished.

Vanquished Creatures (others)
  2 giant cockroaches (D:2)
  A slimehead (D:2)
  85 withered plants (D:2)
88 creatures vanquished.

Grand Total: 225 creatures vanquished

Notes
Turn   | Place    | Note
-------+----------+-------------------------------------------
     0 | D:1      | st0uf the Immature Draconian Gladiator began the quest for
                  | the Orb.
     0 | D:1      | Reached XP level 1. HP: 18/18 MP: 2/2
   100 | D:1      | Reached XP level 2. HP: 25/25 MP: 3/3
   141 | D:1      | Reached skill level 3 in Unarmed Combat
   141 | D:1      | Reached skill level 1 in Spellcasting
   141 | D:1      | Reached XP level 3. HP: 17/30 MP: 4/4
   156 | D:1      | Gained mutation: Your system is resistant to poisons.
                  | (rPois) [potion of mutation]
   156 | D:1      | Gained mutation: You have sharp fingernails. (+3 Unarmed)
                  | [potion of mutation]
   156 | D:1      | Gained mutation: Your large and strong wings let you fly
                  | indefinitely. [potion of mutation]
   283 | D:1      | Reached XP level 4. HP: 38/38 MP: 4/6
   789 | D:2      | Noticed a crocodile
   791 | D:2      | Reached XP level 5. HP: 45/45 MP: 6/8
   804 | D:2      | Reached skill level 4 in Unarmed Combat
  1026 | D:2      | Reached XP level 6. HP: 51/51 MP: 9/9
  1366 | D:2      | Reached skill level 5 in Unarmed Combat
  1382 | D:2      | Your scales start taking on a slimy lime-green colour.
  1382 | D:2      | Reached XP level 7. HP: 58/58 MP: 9/11
  1382 | D:2      | Gained mutation: Your slimy lime-green scales grant you
                  | resistance to acid and corrosion. (rCorr) [Lime Draconian
                  | growth]
  1382 | D:2      | Gained mutation: You are in touch with the powers of
                  | transmutation. [Lime Draconian growth]
  1998 | D:3      | Identified a scroll of acquirement
  2045 | D:3      | Noticed Menkaure
  2050 | D:3      | Killed Menkaure
  2173 | D:3      | Found a blossoming altar of Fedhas.
  2174 | D:3      | Found a burning altar of Makhleb.
  2447 | D:4      | Reached skill level 6 in Unarmed Combat
  2592 | D:4      | Reached XP level 8. HP: 43/67 MP: 13/13
  2612 | D:4      | Reached skill level 1 in Stealth
  2731 | D:4      | Noticed Erica
  2739 | D:4      | Killed Erica
  2739 | D:4      | Reached skill level 5 in Fighting
  2739 | D:4      | Reached skill level 7 in Unarmed Combat
  2741 | D:4      | Reached skill level 5 in Evocations
  2763 | D:4      | Reached skill level 5 in Spellcasting
  2763 | D:4      | Reached XP level 9. HP: 49/74 MP: 16/16
  2772 | D:4      | Reached skill level 8 in Unarmed Combat
  2786 | D:4      | HP: 2/75 [wolf spider zombie (15)]
  2786 | D:4      | Mangled by a wolf spider zombie

Levels and vault maps discovered:
D:1:      ncdulo_watergridlock, layout_loops_ring, minmay_mini_ossuary
D:2:      layout_sewer
D:3:      layout_rooms, nicolae_overflow_hidden_temple, first_ration,
          uniq_menkaure
D:4:      layout_loops_ring, minmay_temple_entry_tees, basic_altar,
          hangedman_ranch [blue_anna_fruit_fields], uniq_erica

Skill      XL: |  1  2  3  4  5  6  7  8  9 |
---------------+----------------------------+-----
Unarmed Combat | 3 4 5 6 7 8 |  8.0
Spellcasting   | 1 2 3 5 |  5.2
Fighting       | 3 4 5 |  5.6
Dodging        | 3 |  3.7
Evocations     | 3 4 5 |  5.2
Stealth        | 1 |  1.5

Action                   |  1- 3 |  4- 6 |  7- 9 || total
-------------------------+-------+-------+-------++-------
Melee: Unarmed           |   102 |   255 |   149 ||   506
       Tailslap          |     2 |     7 |    10 ||    19
 Abil: Fly               |       |     1 |       ||     1
       Breathe Acid      |       |       |     1 ||     1
  Use: Potion            |     1 |       |       ||     1
       Scroll            |       |     1 |       ||     1
 Stab: Sleeping          |       |     1 |       ||     1
       Distracted        |       |       |     1 ||     1
  Eat: Chunk             |       |     2 |     5 ||     7
Armor: Leather armour    |    20 |    51 |       ||    71
       Skin              |       |     4 |    14 ||    18
Dodge: Dodged            |       |    14 |    26 ||    40
